 Dungeon Crawl Stone Soup version 0.27.0-1-g7a089689b8 (webtiles) character file.

Game seed: 4680240786656645467

527 Naeght the Shield-Bearer (level 7, 0/61 HPs)
             Began as a Hill Orc Fighter on Aug 14, 2021.
             Slain by a black bear (3 damage)
             ... on level 4 of the Dungeon.
             The game lasted 00:05:57 (3436 turns).

Naeght the Shield-Bearer (Hill Orc Fighter)         Turns: 3436, Time: 00:05:59

Health: 0/61       AC:  8    Str: 21    XL:     7   Next: 23%
Magic:  16/16      EV:  8    Int:  8    God:
Gold:   82         SH: 15    Dex: 10    Spells: 6/6 levels left

rFire    . . .     SeeInvis .   a - +0 war axe
rCold    . . .     Faith    .   c - +0 kite shield
rNeg     . . .     Spirit   .   b - +0 scale mail
rPois    .         Reflect  +   (no helmet)
rElec    .         Harm     .   p - +0 cloak
rCorr    .         Rampage  .   (no gloves)
Will     .....                  (no boots)
Stlth    ..........             o - amulet of reflection
HPRegen  0.20/turn              v - ring of magical power
MPRegen  0.15/turn              (no ring)

@: no status effects
A: no striking features
a: no special abilities


You were on level 4 of the Dungeon.
You visited 1 branch of the dungeon, and saw 4 of its levels.

You collected 82 gold pieces.

Inventory:

Hand Weapons
 a - a +0 war axe (weapon)
Armour
 b - a +0 scale mail (worn)
 c - a +0 kite shield (worn)
 p - a +0 cloak (worn)
 x - the -2 tower shield "Zegutwo" {rCorr}
   (You found it on level 4 of the Dungeon)

   rCorr:     It protects you from acid and corrosion.
Jewellery
 o - an amulet of reflection (around neck)
 v - a ring of magical power (left hand)
 w - a ring of protection from cold
 y - an amulet of faith
Wands
 l - a wand of paralysis (11)
 m - a wand of acid (13)
 u - a wand of flame (13)
Scrolls
 e - a scroll of identify {unknown}
 f - a scroll of immolation {unknown}
 h - a scroll of amnesia {unknown}
 k - a scroll of teleportation
 n - a scroll of summoning {unknown}
 z - a scroll of blinking {unknown}
Potions
 d - 3 potions of might
 g - 2 potions of haste
 i - 3 potions of curing
 j - 2 potions of flight {unknown}
 q - a potion of attraction {unknown}
 r - 2 potions of resistance {unknown}
 s - a potion of heal wounds {unknown}
 t - a potion of berserk rage {unknown}


   Skills:
 + Level 5.4 Fighting
 * Level 5.1 Axes
 + Level 4.8 Armour
 * Level 6.1 Shields


You had 6 spell levels left.
You didn't know any spells.
Your spell library contained the following spells:

 Spells                   Type           Power      Damage    Failure   Level
 Sting                    Tmut/Pois      0%         1d3       98%         1
 Gell's Gravitas          Tloc           0%         N/A       100%        3
 Lesser Beckoning         Tloc           0%         N/A       100%        3
 Ozocubu's Armour         Ice            0%         N/A       100%        3
 Teleport Other           Tloc           0%         N/A       100%        3
 Airstrike                Air            0%         N/A       100%        4
 Olgreb's Toxic Radiance  Pois           0%         N/A       100%        4
 Metabolic Englaciation   Hex/Ice        0%         N/A       100%        5
 Simulacrum               Ice/Necr       0%         N/A       100%        6


Dungeon Overview and Level Annotations

Branches:
Dungeon (4/15)             Temple (0/1) D:4

Altars:
Gozag
Zin

Shops:
D:4 *


Message History

You are poisoned.
The adder poisons you! The black bear bites you!
You block the black bear's attack.
The black bear claws you but does no damage.
You are too injured to fight recklessly!
You closely miss the black bear.
The black bear is severely wounded.
You barely miss the adder.
You feel sick. The black bear bites you. You block the black bear's attack.
The black bear claws you but does no damage.
The adder closely misses you. You block the black bear's attack. x2
The black bear closely misses you. The adder bites you but does no damage.
You closely miss the black bear.
The black bear is severely wounded.
You closely miss the adder.
You feel sick. The black bear bites you.
* * * LOW HITPOINT WARNING * * *
You block the black bear's attack. x2; The adder bites you but does no damage.
You block the black bear's attack. The black bear claws you.
* * * LOW HITPOINT WARNING * * *
The black bear claws you.
* * * LOW HITPOINT WARNING * * *
The adder bites you but does no damage.
You barely miss the black bear.
The black bear is severely wounded.
You closely miss the adder.
You feel sick. The black bear bites you.
* * * LOW HITPOINT WARNING * * *
You block the black bear's attack. x2; The adder bites you but does no damage.
The black bear closely misses you. The black bear claws you.
* * * LOW HITPOINT WARNING * * *
The black bear claws you.
* * * LOW HITPOINT WARNING * * *
You block the adder's attack.
Unknown command.
You feel better. You block the black bear's attack. x2
The black bear closely misses you. The adder bites you.
* * * LOW HITPOINT WARNING * * *
The black bear bites you.
* * * LOW HITPOINT WARNING * * *
The black bear claws you.
You die...

####+# ...# #.###
#..... ###..###...
#.....##⌠##.#...
#......#_#..#.#
#.............##.###
#..................+
...#....∩...#####.##
#.........S........
#........@........#
#........h........#
.....#+###........###
#.##.#.###...........
#.##.#...............
#....................
#.##.................
#.................
..#...###..#).......


You could see a black bear (berserk) and an adder.

Vanquished Creatures
  A scorpion (D:4)
  A vampire bat (D:3)
  A hound (D:4)
  Jessica (D:3)
  Ijyb (D:3)
  Terence (D:2)
  Natasha (twice) (D:2)
  A hound skeleton (D:4)
  Robin (D:3)
  4 adders
  3 gnolls (D:4)
  A worm (D:2)
  3 dart slugs
  3 fire bats (D:3)
  3 orcs
  A spectral bat (D:3)
  3 bat skeletons (D:3)
  A bat zombie (D:3)
  2 endoplasms
  2 giant cockroaches
  16 goblins
  13 hobgoblins
  12 jackals
  3 quokkas
  2 ball pythons (D:3)
  11 bats
  A bat simulacrum (D:3)
  4 frilled lizards
  A jackal skeleton (D:4)
  9 kobolds
  5 rats
113 creatures vanquished.

Vanquished Creatures (others)
  A spectral bat (D:3)
  A jackal (D:3)
2 creatures vanquished.

Grand Total: 115 creatures vanquished

Notes
Turn   | Place    | Note
-------+----------+-------------------------------------------
     0 | D:1      | Naeght the Hill Orc Fighter began the quest for the Orb.
     0 | D:1      | Reached XP level 1. HP: 19/19 MP: 1/1
   124 | D:1      | Reached XP level 2. HP: 24/27 MP: 2/2
   293 | D:1      | Found a faded altar of an unknown god.
   344 | D:1      | Reached XP level 3. HP: 28/33 MP: 3/3
   934 | D:2      | Reached skill level 4 in Shields
  1132 | D:2      | Reached XP level 4. HP: 37/40 MP: 4/4
  1190 | D:2      | Noticed Terence
  1203 | D:2      | Killed Terence
  1548 | D:2      | Got Qoepimeo's Collected Works on Toxic Air
  1746 | D:2      | Noticed Natasha
  1751 | D:2      | Killed Natasha
  1752 | D:2      | Reached XP level 5. HP: 36/47 MP: 5/5
  1757 | D:2      | Noticed Natasha
  1768 | D:2      | Killed Natasha
  2050 | D:3      | Noticed Ijyb
  2058 | D:3      | Noticed Jessica
  2063 | D:3      | Killed Ijyb
  2064 | D:3      | Reached skill level 5 in Shields
  2064 | D:3      | Killed Jessica
  2066 | D:3      | Noticed Robin
  2076 | D:3      | Reached XP level 6. HP: 28/53 MP: 6/6
  2088 | D:3      | Killed Robin
  2489 | D:3      | Reached skill level 5 in Fighting
  2642 | D:3      | Found an opulent altar of Gozag.
  2826 | D:4      | Identified the -2 tower shield "Zegutwo" {rCorr}
  3106 | D:4      | Reached skill level 6 in Shields
  3106 | D:4      | Reached XP level 7. HP: 49/61 MP: 7/7
  3109 | D:4      | Reached skill level 5 in Axes
  3371 | D:4      | Found a staircase to the Ecumenical Temple.
  3393 | D:4      | Found Zin's Purification Station.
  3403 | D:4      | Found a glowing silver altar of Zin.
  3435 | D:4      | HP: 2/61 [black bear (3)]
  3436 | D:4      | Slain by a black bear

Illustrated notes

Levels and vault maps discovered:
D:1:      minmay_arrival_stair_chambers, layout_loops_ring,
          hellmonk_ecumenical_altar_prayer_group, minmay_crystal_water
D:2:      minmay_spotlight, layout_rooms, minmay_fractal_squares_5,
          uniq_natasha, uniq_terence
D:3:      layout_rooms, mainiacjoe_overflow_alcove_2, minmay_misc_feat_rows,
          goddamned_bats, uniq_robin, uniq_jessica, uniq_ijyb
D:4:      layout_basic, zin_purify, minmay_temple_entry_trees,
          nicolae_shop_gadgets

Skill      XL: |  1  2  3  4  5  6  7 |
---------------+----------------------+-----
Axes           | 3 4 5 |  5.1
Fighting       | 4 5 |  5.4
Shields        | 4 5 6 |  6.1
Armour         | 4 |  4.8

Action                   |  1- 3 |  4- 6 |  7- 9 || total
-------------------------+-------+-------+-------++-------
Melee: War axe           |    93 |   192 |    31 ||   316
  Use: Scroll            |       |     1 |       ||     1
       Potion            |       |       |     1 ||     1
Armor: Scale mail        |    49 |   172 |    26 ||   247
Dodge: Dodged            |    36 |   106 |    20 ||   162
Block: Kite shield       |    50 |   205 |    46 ||   301
       Reflection        |       |     5 |     2 ||     7
